 Dungeon Crawl Stone Soup version 0.28-a0-119-ga52ba8600a (webtiles) character file.

Game seed: 1818923989141883255

425094 vbjds the Metallomancer (level 23, -1/138 (142) HPs)
             Began as a Gargoyle Earth Elementalist on Aug 12, 2021.
             Was the Champion of Vehumet.
             Slain by a storm dragon (21 damage)
             ... on level 5 of the Vaults on Aug 13, 2021.
             The game lasted 02:37:27 (44304 turns).

vbjds the Metallomancer (GrEE)                     Turns: 44304, Time: 02:37:28

HP:   -1/138 (142)  AC: 32    Str: 12    XL:     23   Next: 79%
MP:   11/45         EV: 13    Int: 32    God:    Vehumet [******]
Gold: 5250          SH:  0    Dex: 12    Spells: 9/50 levels left

rFire   + . .      SeeInvis +   o - +9 morningstar of Lyhydyaj {speed, rElec Int+6 Dex+2 Stlth-}
rCold   . . .      Faith    .   (no shield)
rNeg    + . .      Spirit   .   R - +2 robe {Archmagi}
rPois   ∞          Reflect  .   P - +2 hat {Will+}
rElec   +          Harm     .   F - +2 cloak {rPois}
rCorr   .          Rampage  .   k - +2 pair of gloves {archery}
Will    ++...      Archmagi +   J - +1 pair of boots of Intuition {rF+ Regen+}
Stlth   +.........              E - amulet of magic regeneration
HPRegen 1.33/turn               C - ring of wizardry
MPRegen 0.54/turn               g - ring of see invisible

@: flying, slightly contaminated, constricted, studying Armour, lightly drained
A: sickness immunity, AC +17, big wings, negative energy resistance 1,
electricity resistance, torment resistance 1, petrification resistance, high mp
1, wild magic 1
}: 2/15 runes: decaying, gossamer
a: Renounce Religion


You were on level 5 of the Vaults.
You worshipped Vehumet.
Vehumet was exalted by your worship.
You visited 7 branches of the dungeon, and saw 39 of its levels.
You also visited: Gauntlet, Ice Cave and Volcano.

You collected 8446 gold pieces.
You spent 3196 gold pieces at shops.

Inventory:

Hand Weapons
 o - the +9 morningstar of Lyhydyaj (weapon) {speed, rElec Int+6 Dex+2 Stlth-}
   (You found it on level 3 of the Elven Halls)

   Attacks with this weapon are significantly faster.
   Int:       It affects your intelligence (+6).
   Dex:       It affects your dexterity (+2).
   rElec:     It insulates you from electricity.
   Stlth:     It makes you less stealthy.
 D - the +5 eveningstar of Biagikho {vorpal, +Rage rElec rCorr Str-2}
   (You acquired it on level 4 of the Swamp)

   It inflicts extra damage upon your enemies.
   Str:       It affects your strength (-2).
   rElec:     It insulates you from electricity.
   +Rage:     It lets you go berserk.
   rCorr:     It protects you from acid and corrosion.
Missiles
 K - 4 throwing nets
Armour
 k - a +2 pair of gloves of archery (worn)
 x - a scarf of invisibility
 F - a +2 cloak of poison resistance (worn)
 J - the +1 pair of boots of Intuition (worn) {rF+ Regen+}
   (You bought it in a shop on level 2 of the Dungeon)

   rF:        It protects you from fire.
   Regen:     It increases your rate of health regeneration.
 P - a +2 hat of willpower (worn)
 R - a +2 robe of the Archmagi (worn)
Jewellery
 g - a ring of see invisible (right hand)
 v - a +6 ring of intelligence
 C - a ring of wizardry (left hand)
 E - an amulet of magic regeneration (around neck)
 L - the ring "Zotsun" {rN+ rCorr Str+3}
   (You found it on level 2 of the Swamp)

   [ring of positive energy]

   Str:       It affects your strength (+3).
   rN:        It protects you from negative energy.
   rCorr:     It protects you from acid and corrosion.
 O - a +4 ring of protection
Wands
 a - a wand of iceblast (67)
 n - a wand of digging (9)
 y - a wand of charming (8)
 G - a wand of mindburst (18)
 Q - a wand of polymorph (57)
 V - a wand of paralysis (23)
 Y - a wand of acid (12)
Scrolls
 b - 4 scrolls of brand weapon
 c - a scroll of blinking
 d - 8 scrolls of enchant weapon
 j - 6 scrolls of enchant armour
 l - 4 scrolls of magic mapping
 m - 2 scrolls of fear
 p - a scroll of amnesia
 t - a scroll of fog
 w - a scroll of summoning
 B - 11 scrolls of teleportation
 T - 2 scrolls of holy word
 U - 21 scrolls of identify
Potions
 e - 3 potions of berserk rage
 f - 21 potions of curing
 h - 6 potions of magic
 i - 6 potions of cancellation
 q - 4 potions of mutation
 s - 18 potions of heal wounds
 u - 10 potions of brilliance
 z - 3 potions of invisibility
 A - 14 potions of ambrosia
 H - 9 potions of resistance
 I - 11 potions of might
 N - 5 potions of haste
Miscellaneous
 r - a box of beasts
 S - a condenser vane


   Skills:
 - Level 14.1 Fighting
 - Level 13.0 Maces & Flails
 - Level 6.0 Armour
 - Level 11.3 Dodging
 - Level 2.1 Stealth
 - Level 14.4 Spellcasting
 - Level 14.8 Conjurations
 - Level 0.7 Transmutations
 - Level 18.4 Fire Magic
 + Level 21.5 Earth Magic
 - Level 10.0 Evocations


You had 9 spell levels left.
You knew the following spells:

 Your Spells              Type           Power      Damage    Failure   Level
a - Shatter               Erth           71%        3d52*     4%          9
b - Stone Arrow           Conj/Erth      100%       3d13      1%          3
c - Lee's Rapid Deconstr  Erth           71%        3d33*     1%          5
d - Iron Shot             Conj/Erth      67%        9d12      1%          6
e - Bolt of Magma         Conj/Fire/Erth 67%        4d26      1%          5
f - Irradiate             Conj/Tmut      48%        3d29      1%          5
g - Ignition              Fire           67%        3d18      1%          8

Your spell library contained the following spells:

 Spells                   Type           Power      Damage    Failure   Level
 Fire Storm               Conj/Fire      64%        8d16      26%         9
 Maxwell's Capacitive Co  Air            22%        ∞         100%        8
 Animate Skeleton         Necr           88%        N/A       1%          1
 Sandblast                Erth           100%       2d20      1%          1
 Shock                    Conj/Air       100%       1d9       1%          1
 Summon Small Mammal      Summ           100%       N/A       1%          1
 Passwall                 Tmut/Erth      92%        N/A       1%          2
 Frozen Ramparts          Ice            88%        1d10      1%          3
 Animate Armour           Summ/Erth      100%       N/A       1%          4
 Leda's Liquefaction      Hex/Erth       54%        N/A       1%          4
 Petrify                  Tmut/Erth      100%       N/A       1%          4
 Borgnjor's Vile Clutch   Necr/Erth      54%        N/A       1%          5
 Fireball                 Conj/Fire      64%        3d24      1%          5
 Iskenderun's Battlesphe  Conj           100%       2d15      1%          5
 Lightning Bolt           Conj/Air       47%        1d68      1%          5
 Starburst                Conj/Fire      64%        8x6d17    1%          6
 Lehudib's Crystal Spear  Conj/Erth      67%        10d15     1%          8
 Blink                    Tloc           N/A        N/A       2%          2
 Slow                     Hex            44%        N/A       2%          2
 Airstrike                Air            22%        N/A       3%          4
 Call Canine Familiar     Summ           44%        N/A       4%          3
 Confusing Touch          Hex            44%        N/A       4%          3
 Gell's Gravitas          Tloc           22%        N/A       4%          3
 Lesser Beckoning         Tloc           22%        N/A       4%          3
 Ozocubu's Armour         Ice            44%        N/A       4%          3
 Summon Guardian Golem    Hex/Summ       44%        N/A       4%          3
 Swiftness                Air            44%        N/A       4%          3
 Teleport Other           Tloc           44%        N/A       4%          3
 Vampiric Draining        Necr           22%        2d9       4%          3
 Yara's Violent Unravell  Hex/Tmut       24%        3d11      7%          5
 Ice Form                 Ice/Tmut       49%        N/A       10%         4
 Animate Dead             Necr           22%        N/A       11%         4
 Summon Ice Beast         Ice/Summ       44%        N/A       11%         4
 Summon Lightning Spire   Summ/Air       44%        N/A       11%         4
 Spellforged Servitor     Conj/Summ      47%        N/A       11%         7
 Blade Hands              Tmut           26%        N/A       21%         5
 Manifold Assault         Tloc           44%        N/A       26%         5
 Metabolic Englaciation   Hex/Ice        22%        N/A       26%         5
 Death Channel            Necr           22%        N/A       77%         6
 Dispersal                Tloc           22%        N/A       77%         6
 Invisibility             Hex            22%        N/A       77%         6
 Ozocubu's Refrigeration  Ice            22%        4d9       80%         7
 Dragon Form              Tmut           26%        N/A       99%         7
 Haunt                    Necr/Summ      22%        N/A       99%         7
 Malign Gateway           Summ/Tloc      22%        N/A       99%         7
 Borgnjor's Revivificati  Necr           22%        N/A       100%        8
 Infestation              Necr           22%        N/A       100%        8
 Summon Horrible Things   Summ           22%        N/A       100%        8
 Statue Form              Tmut/Erth      Unusable   N/A       N/A         6

Dungeon Overview and Level Annotations

Branches:
Dungeon (15/15)            Temple (0/1) D:5            Lair (6/6) D:11
  Swamp (4/4) Lair:2       Spider (4/4) Lair:4        Slime (0/5) Lair:6
    Orc (2/2) D:10            Elf (3/3) Orc:2        Vaults (5/5) D:13
  Crypt (0/3) Vaults:2     Depths (0/5) D:15          IceCv (visited)
Volcano (visited)         Gauntlet (visited)

Altars:
Cheibriados
Dithmenos
Elyvilon
Fedhas
Gozag
Hepliaklqana
Kikubaaqudgha
Makhleb
Nemelex Xobeh
Qazlal
Ru
Sif Muna
Vehumet
Xom
Yredelemnul
Zin
Beogh
Jiyva

Shops:
D:2 [   D:5 (   D:10 (   D:14 *   Orc:2 ***=(   Elf:1 (   Vaults:1 !

Portals:
Hell: Lair:6

Annotations:
Lair:3 3 runed translucent doors, Gilette's ghost, journeyman DrEE
Lair:5 1 runed translucent door, Riser's ghost, journeyman MfGl
Swamp:3 1 runed translucent door, Esiutuon's ghost, adept DECj
Elf:2 3 runed translucent doors


Innate Abilities, Weirdness & Mutations

You are immune to sickness and miasma.
Your stone body is resilient. (AC +17)
You are immune to poison.
Your large and strong wings let you fly.
You resist negative energy. (rN+)
You are resistant to electric shocks. (rElec)
You are resistant to unholy torment.
You are immune to petrification.
You have an increased reservoir of magic. (+10% MP)
Your spells are a little harder to cast, but a little more powerful.


Message History

The golden dragon tramples you but does no damage.
An ironbound convoker comes into view. It is wielding a +0 mace of holy wrath.
The frost giant howls, "Help!"
The ironbound convoker points at the storm dragon and mumbles some strange words.
The storm dragon seems to grow stronger.
The ironbound convoker shouts!
Unknown command.
You feel much better.
The storm dragon breathes lightning at you.
The bolt of lightning hits you! You resist.
* * * LOW HITPOINT WARNING * * *
The golden dragon bites you but does no damage.
The golden dragon misses you. The golden dragon barely misses you.
The vault warden activates a sealing rune.
The tentacled monstrosity tentacle-slaps you!
* * * LOW HITPOINT WARNING * * *
The tentacled monstrosity tentacle-slaps you but does no damage.
The tentacled monstrosity tentacle-slaps you.
* * * LOW HITPOINT WARNING * * *
The tentacled monstrosity grabs you.
The tentacled monstrosity constricts you.
* * * LOW HITPOINT WARNING * * *
The storm dragon completely misses you. The storm dragon claws you.
* * * LOW HITPOINT WARNING * * *
The storm dragon completely misses you.
A vault guard comes into view.
It is wielding a +1 battleaxe of freezing and wearing a +3 plate armour of positive energy.
An ironbound preserver comes into view. It is wielding a +0 dire flail.
Unknown command.
Unknown command.
You feel much better.
The deep elf annihilator casts a spell.
The deep elf annihilator blinks!
The golden dragon breathes fire at you. The bolt of fire misses you.
The golden dragon bites you!
* * * LOW HITPOINT WARNING * * *
The golden dragon claws you but does no damage.
The golden dragon tramples you but does no damage.
An ironbound preserver comes into view.
It is wielding a +2 flail of protection.
The storm dragon bites you!!
You die...

.........))))..
.[.......ppp.†..
.[.....[........
#[.†...[[...[...
.....[.[.[.^....
.).).[.<<[.[....
...[[.<.[pW[[...
p...)[[DD)?.....
#....p.@D[..§...
..†...[.XD......
...[...[[....)..
.[..............
.†.$(...........
#.))$.......)))(
#..........(...)
#....#....#...##


You could see a shadow dragon, a tentacled monstrosity, 2 ironbound preservers,
2 golden dragons, a storm dragon (strong, catching breath), a vault warden, a
vault guard, a phantasmal warrior and 2 ironbound convokers.

Vanquished Creatures
  the Lernaean hydra (Swamp:4)
  Xtahua (Vaults:3)
  The ghost of Tutankhamun the Spry, an adept TrCK of Xom (Swamp:2)
  2 tentacled monstrosities (Vaults:5)
  Rupert (D:12)
  3 titans (Vaults:5)
  A quicksilver dragon (Vaults:5)
  2 deep elf blademasters (Elf:3)
  2 sphinxes
  2 deep elf master archers (Elf:3)
  A thorn hunter (Swamp:3)
  A storm dragon (Vaults:5)
  Kirke (D:14)
  2 tengu reavers (Vaults:5)
  Frances (Swamp:1)
  2 fenstrider witches (Swamp:4)
  2 frost giants (IceCv)
  An iron dragon (Vaults:5)
  3 orc warlords
  3 deep elf sorcerers
  3 ghost moths
  10 emperor scorpions
  12 vault wardens
  Aizul (Swamp:4)
  17 ironbound preservers
  5 deep elf elementalists
  2 stone giants (Vaults:5)
  A reaper (Gauntlet)
  5 very ugly things
  2 war gargoyles (Vaults:3)
  7 deep elf demonologists
  2 dire elephants
  5 deep elf annihilators
  A minotaur (Gauntlet)
  A white draconian (IceCv)
  8 entropy weavers
  6 bunyips
  3 spark wasps
  3 eleionomae
  3 crystal guardians
  Josephine (D:12)
  8 deep elf death magi
  5 ettins (Vaults:5)
  8 yaktaur captains
  2 shambling mangroves
  A great orb of eyes (Vaults:3)
  A deep elf high priest (Vaults:5)
  35 vault guards
  30 hydras
  Erolcha (D:9)
  6 ironbound thunderhulks
  A hell beast (Lair:6)
  A ghost crab (Swamp:3)
  20 ironbound frosthearts
  6 boulder beetles
  5 peacekeepers
  5 ice dragons (IceCv)
  2 catoblepae
  14 centaur warriors
  Erica (D:8)
  2 ogre magi
  22 dancing weapons
  2 death yaks (Lair:3)
  12 two-headed ogres
  A death knight (D:12)
  8 alligators
  5 ironbound beastmasters
  A thrashing horror (Gauntlet)
  10 orc high priests
  12 deep elf knights
  Urug (D:13)
  Sonja (D:12)
  2 fire crabs (shapeshifter) (D:15)
  A skeletal warrior (D:13)
  41 deep trolls
  The ghost of rayg00n the Placeless Spriggan, a novice SpWr of Dithmenos (D:8)
  6 goliath frogs
  4 spriggan druids
  An orange crystal statue (IceCv)
  4 bog bodies
  2 glowing orange brains (Vaults:3)
  12 swamp dragons
  10 wizards
  19 ironbound convokers
  4 phantasmal warriors
  10 orc knights
  2 necromancers
  Pikel (D:4)
  8 harpies
  7 lindwurms
  18 deep elf archers
  24 deep elf zephyrmancers
  A human zombie (Vaults:2)
  23 ugly things
  41 deep elf pyromancers
  17 orb spiders
  2 cyclopes
  4 manticores
  2 orc sorcerers
  22 wolf spiders
  A fire giant zombie (Vaults:2)
  2 oklob plants (Lair:4)
  3 moths of wrath
  Maurice (Orc:1)
  15 elephants
  2 salamanders (Volcano)
  4 will-o-the-wisps
  27 vault sentinels
  A molten gargoyle (D:13)
  8 black mambas
  A smoke demon (Lair:6)
  A naga mage (D:15)
  2 gargoyles (D:13)
  4 torpor snails
  3 orange demons (Lair:6)
  15 cane toads
  16 demonic crawlers
  8 unseen horrors
  15 rime drakes
  33 yaktaurs
  15 komodo dragons
  2 ice devils
  4 kobold demonologists
  A red devil (Lair:6)
  A freezing wraith (Vaults:2)
  4 trolls
  40 jumping spiders
  A harpy zombie (D:15)
  20 hornets
  3 meliai (D:14)
  A queen bee (D:14)
  2 bloated husks (Swamp:3)
  A slime creature (shapeshifter) (Elf:1)
  6 tyrant leeches
  Prince Ribbit (D:7)
  14 blink frogs
  13 polar bears
  A dream sheep (Lair:3)
  29 slime creatures
  A meliai zombie (D:10)
  2 human skeletons (Vaults:2)
  3 air elementals
  56 redbacks
  19 tarantellas
  5 shadows
  2 water elementals
  2 small abominations (Gauntlet)
  7 spriggans
  8 wyverns
  A centaur simulacrum (D:15)
  6 wraiths
  2 fire bats (Volcano)
  3 fire elementals
  An elf zombie (Vaults:2)
  4 hogs (D:14)
  A vampire (D:14)
  3 basilisks
  51 yaks
  A human (D:14)
  A steam dragon (shapeshifter) (Elf:1)
  20 vampire mosquitoes
  Menkaure (D:6)
  8 wargs
  17 water moccasins
  3 acid dragons
  15 swamp worms
  2 ice beasts
  A meliai simulacrum (D:14)
  4 black bears
  6 hell hounds
  23 orc warriors
  9 swamp drakes
  A sky beast (D:7)
  3 boggarts (Vaults:1)
  9 ogres
  13 centaurs
  37 wolves
  A lemure (D:4)
  7 kobold brigands
  8 bullfrogs
  2 gnoll sergeants (D:10)
  4 earth elementals
  A wyvern zombie (D:7)
  4 scorpions
  A wyvern skeleton (D:7)
  A hornet simulacrum (D:15)
  A water moccasin skeleton (D:4)
  38 killer bees
  5 howler monkeys
  A wight (D:7)
  3 electric eels
  Crazy Yiuf (D:7)
  8 centaur zombies
  2 jellies
  31 orc priests
  A gnoll shaman (D:8)
  2 hounds
  A bullfrog skeleton (D:7)
  2 centaur skeletons (D:7)
  Terence (D:2)
  An iguana (D:7)
  22 orc wizards
  A hell rat (Lair:3)
  4 howler monkey zombies
  Robin (D:3)
  12 gnolls
  5 adders
  2 shadow imps
  4 white imps
  2 ufetubi
  5 worms
  3 dart slugs
  90 orcs
  7 endoplasms
  3 giant cockroaches
  25 goblins
  9 hobgoblins
  13 jackals
  14 kobolds
  6 quokkas
  8 ball pythons
  4 bats
  2 frilled lizards
  6 rats
  A fire vortex (D:13)
1697 creatures vanquished.

Vanquished Creatures (collateral kills)
  A vault sentinel (Vaults:4)
  An adder zombie (D:5)
2 creatures vanquished.

Vanquished Creatures (others)
  A golden eye (shapeshifter) (Elf:1)
  A quokka (D:14)
  2 foxfires (Swamp:3)
  13 fungi
  39 plants
56 creatures vanquished.

Grand Total: 1755 creatures vanquished

Notes
Turn   | Place    | Note
-------+----------+-------------------------------------------
     0 | D:1      | vbjds the Gargoyle Earth Elementalist began the quest for
                  | the Orb.
     0 | D:1      | Reached XP level 1. HP: 10/10 MP: 3/3
   134 | D:1      | Reached XP level 2. HP: 12/15 MP: 0/5
   214 | D:1      | Reached skill level 4 in Earth Magic
   523 | D:1      | Reached XP level 3. HP: 19/19 MP: 1/6
   527 | D:1      | Learned a level 3 spell: Stone Arrow
  1983 | D:2      | Reached skill level 1 in Conjurations
  2200 | D:2      | Reached XP level 4. HP: 24/24 MP: 8/8
  2444 | D:2      | Noticed Terence
  2452 | D:2      | Killed Terence
  2551 | D:2      | Reached skill level 5 in Earth Magic
  2609 | D:2      | Found Jaes Yps's Armour Shoppe.
  2786 | D:2      | Reached XP level 5. HP: 15/28 MP: 6/9
  2976 | D:2      | Found a faded altar of an unknown god.
  3256 | D:3      | Found a hazy altar of Hepliaklqana.
  3333 | D:3      | Found a blossoming altar of Fedhas.
  3348 | D:3      | Noticed Robin
  3351 | D:3      | Found Ydwek's Distillery.
  3354 | D:3      | Bought a potion of curing for 33 gold pieces
  3567 | D:3      | Found a snail-covered altar of Cheibriados.
  3701 | D:3      | Killed Robin
  4161 | D:4      | Found a radiant altar of Vehumet.
  4172 | D:4      | Became a worshipper of Vehumet
  4202 | D:4      | Learned a level 5 spell: Lee's Rapid Deconstruction
  4226 | D:4      | Noticed a lemure
  4226 | D:4      | Noticed a lemure
  4228 | D:4      | Noticed Pikel
  4229 | D:4      | Noticed a lemure
  4231 | D:4      | Noticed a lemure
  4236 | D:4      | Killed a lemure
  4241 | D:4      | Killed Pikel
  4242 | D:4      | Reached skill level 6 in Earth Magic
  4242 | D:4      | Reached XP level 6. HP: 6/32 MP: 4/12
  4242 | D:4      | Reached XP level 7. HP: 7/36 MP: 4/13
  4623 | D:4      | Found a glowing silver altar of Zin.
  5052 | D:5      | Entered Level 5 of the Dungeon
  5052 | D:5      | Found Qere Mos's Antique Weapon Shoppe.
  5076 | D:5      | Reached skill level 7 in Earth Magic
  5196 | D:5      | Identified the +8 dagger of the Valley of Death {freeze,
                  | rElec Str-2 Int+2}
  5210 | D:5      | Found a staircase to the Ecumenical Temple.
  5216 | D:5      | Reached skill level 5 in Spellcasting
  5216 | D:5      | Reached skill level 5 in Conjurations
  5216 | D:5      | Reached XP level 8. HP: 41/41 MP: 8/15
  5611 | D:5      | Found a shadowy altar of Dithmenos.
  5691 | D:6      | Reached * piety under Vehumet
  5691 | D:6      | Offered knowledge of Magic Dart by Vehumet.
  5692 | D:6      | Reached skill level 1 in Fighting
  6085 | D:6      | Found a shimmering blue altar of Sif Muna.
  6113 | D:6      | Found an opulent altar of Gozag.
  6146 | D:6      | Noticed Menkaure
  6149 | D:6      | Killed Menkaure
  6150 | D:6      | Reached skill level 1 in Maces & Flails
  6150 | D:6      | Reached skill level 1 in Armour
  6150 | D:6      | Reached skill level 1 in Evocations
  6491 | D:6      | Found a sparkling altar of Nemelex Xobeh.
  6541 | D:6      | Found a sacrificial altar of Ru.
  6869 | D:7      | Reached XP level 9. HP: 48/48 MP: 8/17
  6901 | D:7      | Noticed Prince Ribbit
  6905 | D:7      | Killed Prince Ribbit
  6906 | D:7      | Reached skill level 8 in Earth Magic
  7113 | D:7      | Found a white marble altar of Elyvilon.
  7143 | D:7      | Offered knowledge of Searing Ray by Vehumet.
  7148 | D:7      | Reached ** piety under Vehumet
  7291 | D:7      | Found a runed translucent door.
  7292 | D:7      | Noticed Crazy Yiuf
  7297 | D:7      | Killed Crazy Yiuf
  7696 | D:7      | Noticed a hornet
  7707 | D:7      | Killed a hornet
  7772 | D:7      | Reached XP level 10. HP: 31/56 MP: 19/19
  8132 | D:8      | Found a stormy altar of Qazlal.
  8170 | D:8      | Found a transporter.
  8175 | D:8      | Noticed a moth of wrath
  8211 | D:8      | Found a transporter.
  8213 | D:8      | Noticed rayg00n's ghost (novice SpWr)
  8283 | D:8      | Identified the +5 ring mail "Liehas" {rC+}
  8344 | D:8      | Offered knowledge of Frozen Ramparts by Vehumet.
  8434 | D:8      | Noticed Erica
  8439 | D:8      | Killed Erica
  8787 | D:9      | Reached skill level 9 in Earth Magic
  8806 | D:9      | Reached *** piety under Vehumet
  8814 | D:9      | Learned a level 5 spell: Bolt of Magma
  9057 | D:9      | Found an ancient bone altar of Kikubaaqudgha.
  9547 | D:9      | Noticed Erolcha
  9554 | D:9      | Killed Erolcha
  9555 | D:9      | Reached skill level 5 in Fighting
  9782 | D:9      | Offered knowledge of Fulminant Prism by Vehumet.
  9783 | D:9      | Reached XP level 11. HP: 32/64 MP: 7/21
  9786 | D:9      | Reached skill level 5 in Armour
 10278 | D:10     | Entered Level 10 of the Dungeon
 10625 | D:10     | Reached skill level 5 in Maces & Flails
 10662 | D:10     | Reached **** piety under Vehumet
 10808 | D:10     | Gained mutation: Your spells are a little harder to cast,
                  | but a little more powerful. [potion of mutation]
 10808 | D:10     | Gained mutation: You have an increased reservoir of magic.
                  | (+10% MP) [potion of mutation]
 10833 | D:10     | Found a staircase to the Orcish Mines.
 10970 | D:10     | Found Hamaomij's Weapon Shoppe.
 11334 | D:10     | Noticed a two-headed ogre
 11344 | D:10     | Offered knowledge of Fireball by Vehumet.
 11345 | D:10     | Killed a two-headed ogre
 11346 | D:10     | Reached skill level 10 in Earth Magic
 11346 | D:10     | Reached skill level 5 in Evocations
 11353 | D:10     | Reached skill level 5 in Dodging
 11536 | D:10     | Identified a scroll of acquirement
 11536 | D:10     | Acquired 652 gold pieces
 11810 | D:2      | Bought the +1 pair of boots of Intuition {rF+ Regen+} for
                  | 235 gold pieces
 11861 | D:3      | Bought a potion of brilliance for 44 gold pieces
 11861 | D:3      | Bought a potion of flight for 33 gold pieces
 11861 | D:3      | Bought a potion of curing for 33 gold pieces
 11861 | D:3      | Bought a potion of might for 44 gold pieces
 11861 | D:3      | Bought a potion of haste for 110 gold pieces
 11861 | D:3      | Bought a potion of haste for 110 gold pieces
 11861 | D:3      | Bought a potion of might for 44 gold pieces
 11861 | D:3      | Bought 2 potions of heal wounds for 110 gold pieces
 11861 | D:3      | Bought a potion of berserk rage for 55 gold pieces
 11961 | D:8      | Killed a moth of wrath
 11962 | D:8      | Killed rayg00n's ghost
 11963 | D:8      | Reached XP level 12. HP: 71/71 MP: 18/25
 11972 | D:8      | Identified the +8 broad axe of Xurukhaw {drain, Dex+2}
 12321 | D:11     | You fall into a shaft and drop 1 floor!
 12322 | D:12     | Noticed a centaur warrior
 12327 | D:12     | Killed a centaur warrior
 12335 | D:12     | Found a gate leading to a gauntlet.
 12343 | Gauntlet | Entered a Gauntlet
 12343 | Gauntlet | Found a transporter.
 12343 | Gauntlet | Found a transporter.
 12343 | Gauntlet | Found a runed translucent door.
 12344 | Gauntlet | Found a runed translucent door.
 12355 | Gauntlet | Found a transporter.
 12372 | Gauntlet | Found a transporter.
 12373 | Gauntlet | Found a transporter.
 12373 | Gauntlet | Found a transporter.
 12374 | Gauntlet | Noticed a reaper
 12375 | Gauntlet | Found a transporter.
 12375 | Gauntlet | Found a transporter.
 12384 | Gauntlet | Noticed a wretched star
 12390 | Gauntlet | Found a transporter.
 12400 | Gauntlet | Noticed an entropy weaver
 12402 | Gauntlet | Noticed an azure jelly
 12402 | Gauntlet | an entropy weaver changed into an azure jelly
 12403 | Gauntlet | Found a transporter.
 12411 | Gauntlet | Found a runed translucent door.
 12412 | Gauntlet | Noticed a thrashing horror
 12413 | Gauntlet | Found a transporter.
 12415 | Gauntlet | Found a runed translucent door.
 12418 | Gauntlet | Found a transporter.
 12452 | Gauntlet | Found a transporter.
 12453 | Gauntlet | Found a runed translucent door.
 12467 | Gauntlet | Found a transporter.
 12610 | Gauntlet | Killed a reaper
 12662 | Gauntlet | Identified the -2 cloak of the Minstrel {rElec rF- Dex+2
                  | Stlth+}
 12694 | Gauntlet | Killed a thrashing horror
 12699 | Gauntlet | Identified the amulet "Suariv" {Faith rCorr Int+2}
 12724 | Gauntlet | Noticed a minotaur
 12730 | Gauntlet | Killed a minotaur
 13041 | D:11     | Noticed a four-headed hydra
 13048 | D:11     | Learned a level 5 spell: Fireball
 13055 | D:11     | Killed a four-headed hydra
 13130 | D:11     | Found a staircase to the Lair.
 13176 | D:11     | Noticed a two-headed ogre
 13177 | D:11     | Reached ***** piety under Vehumet
 13177 | D:11     | Offered knowledge of Orb of Destruction by Vehumet.
 13182 | D:11     | Killed a two-headed ogre
 13697 | D:11     | Reached skill level 11 in Earth Magic
 13758 | D:12     | Noticed Sonja
 13762 | D:12     | Killed Sonja
 13764 | D:12     | Reached XP level 13. HP: 78/78 MP: 15/27
 14056 | D:12     | Noticed Rupert
 14063 | D:12     | Killed Rupert
 14312 | D:12     | Noticed Josephine
 14319 | D:12     | Killed Josephine
 14657 | D:13     | Found a gate to the Vaults.
 14657 | D:13     | Noticed a vault guard
 14657 | D:13     | Noticed a vault guard
 14657 | D:13     | Noticed a vault guard
 14657 | D:13     | Noticed a vault guard
 14662 | D:13     | Reached skill level 10 in Conjurations
 14664 | D:13     | Killed a vault guard
 14666 | D:13     | Killed a vault guard
 14666 | D:13     | Killed a vault guard
 14666 | D:13     | Killed a vault guard
 14920 | D:13     | Noticed Urug
 14922 | D:13     | Killed Urug
 14923 | D:13     | Gained mutation: Your large and strong wings let you fly.
                  | [Gargoyle growth]
 14923 | D:13     | Reached XP level 14. HP: 86/86 MP: 16/29
 15058 | D:13     | Reached skill level 12 in Earth Magic
 15251 | D:13     | Offered knowledge of Iron Shot by Vehumet.
 15540 | D:14     | Noticed Kirke
 15550 | D:14     | Killed Kirke
 15602 | D:14     | Found a white marble altar of Elyvilon.
 15647 | D:14     | Learned a level 6 spell: Iron Shot
 15684 | D:14     | Found Fuaskith's Demolitions Depot.
 16305 | Lair:1   | Entered Level 1 of the Lair of Beasts
 16903 | Lair:1   | Identified the +7 hunting sling of Sohynaod {vorpal, *Slow
                  | rF+ rCorr SInv}
 17085 | Lair:2   | Reached skill level 1 in Fire Magic
 17514 | Lair:2   | Reached skill level 10 in Fighting
 17866 | Lair:2   | Found a staircase to the Swamp.
 18022 | Lair:2   | You are sucked into a shaft and drop 2 floors!
 18072 | Lair:4   | Found a dark tunnel.
 18077 | Volcano  | Entered a volcano
 18211 | Volcano  | Offered knowledge of Freezing Cloud by Vehumet.
 18296 | Volcano  | Reached XP level 15. HP: 92/92 MP: 31/31
 19057 | Lair:3   | Noticed Gilette's ghost (journeyman DrEE)
 19093 | Lair:3   | Found a runed translucent gate.
 19093 | Lair:3   | Found a runed translucent gate.
 19094 | Lair:3   | Found a runed translucent gate.
 19190 | Lair:3   | Reached skill level 10 in Spellcasting
 19986 | Lair:4   | Found a hole to the Spider Nest.
 20419 | Lair:4   | Reached skill level 5 in Fire Magic
 21356 | Lair:5   | Reached ****** piety under Vehumet
 21465 | Lair:5   | Found a shimmering altar of Xom.
 21465 | Lair:5   | Noticed Riser's ghost (journeyman MfGl)
 21466 | Lair:5   | Found a runed translucent door.
 21541 | Lair:5   | Offered knowledge of Conjure Ball Lightning by Vehumet.
 22011 | Lair:6   | Entered Level 6 of the Lair of Beasts
 22118 | Lair:6   | Acquired 933 gold pieces
 22162 | Lair:6   | Reached XP level 16. HP: 83/97 MP: 26/34
 22708 | Lair:6   | Found a staircase to the Slime Pits.
 22708 | Lair:6   | Found a viscous altar of Jiyva.
 23228 | Lair:6   | Found a burning altar of Makhleb.
 23248 | Lair:6   | Found a gateway to Hell.
 23643 | Orc:1    | Entered Level 1 of the Orcish Mines
 23719 | Orc:1    | Learned a level 5 spell: Irradiate
 23766 | Orc:1    | Noticed Maurice
 23771 | Orc:1    | Killed Maurice
 24147 | Orc:2    | Entered Level 2 of the Orcish Mines
 24508 | Orc:2    | Found Atietof's Jewellery Emporium.
 24508 | Orc:2    | Found Jyewn's Assorted Antiques.
 24510 | Orc:2    | Offered knowledge of Iskenderun's Battlesphere by Vehumet.
 24529 | Orc:2    | Bought a scroll of teleportation for 72 gold pieces
 24529 | Orc:2    | Bought a scroll of blinking for 180 gold pieces
 24529 | Orc:2    | Bought a scroll of immolation for 84 gold pieces
 24529 | Orc:2    | Bought a scroll of enchant armour for 180 gold pieces
 24583 | Orc:2    | Reached skill level 10 in Fire Magic
 24596 | Orc:2    | Found Adaorphu's General Store.
 24596 | Orc:2    | Found Xowar's Assorted Antiques.
 24632 | Orc:2    | Bought 2 potions of curing for 90 gold pieces
 24911 | Orc:2    | Found a staircase to the Elven Halls.
 25049 | Orc:2    | Found Iclufi's Antique Weapon Shop.
 25496 | D:15     | Entered Level 15 of the Dungeon
 25748 | D:15     | Found a snail-covered altar of Cheibriados.
 26154 | D:15     | Found a staircase to the Depths.
 26363 | D:15     | Upgraded the game from 0.28-a0-108-g844de0d849 to
                  | 0.28-a0-119-ga52ba8600a
 26655 | Spider:1 | Entered Level 1 of the Spider Nest
 26669 | Spider:1 | Found a frozen archway.
 26685 | Spider:1 | Offered knowledge of Starburst by Vehumet.
 26691 | IceCv    | Entered an ice cave
 26966 | IceCv    | Reached XP level 17. HP: 84/102 MP: 20/36
 27705 | Spider:1 | Learned a level 6 spell: Starburst
 27950 | D:14     | Bought a book of Fire for 704 gold pieces
 27964 | D:14     | Learned a level 8 spell: Ignition
 28929 | Spider:2 | Reached skill level 15 in Fire Magic
 28966 | Spider:1 | Offered knowledge of Lehudib's Crystal Spear by Vehumet.
 30348 | Spider:3 | Reached XP level 18. HP: 108/108 MP: 37/37
 30355 | Spider:3 | Reached skill level 13 in Earth Magic
 30578 | Spider:4 | Entered Level 4 of the Spider Nest
 30643 | Spider:4 | Offered knowledge of Fire Storm by Vehumet.
 30643 | Spider:4 | Offered knowledge of Shatter by Vehumet.
 30643 | Spider:4 | Offered knowledge of Maxwell's Capacitive Coupling by
                  | Vehumet.
 31718 | Spider:4 | Got a gossamer rune of Zot
 32131 | Swamp:1  | Entered Level 1 of the Swamp
 32160 | Swamp:1  | Reached skill level 10 in Maces & Flails
 32207 | Swamp:1  | Noticed Frances
 32210 | Swamp:1  | Killed Frances
 32429 | Swamp:1  | Acquired 711 gold pieces
 32749 | Swamp:2  | Reached skill level 14 in Earth Magic
 33032 | Swamp:2  | Found a runed translucent gate.
 33033 | Swamp:2  | Found a runed translucent gate.
 33033 | Swamp:2  | Found a runed translucent gate.
 33033 | Swamp:2  | Noticed Tutankhamun's ghost (adept TrCK)
 33037 | Swamp:2  | Found the +5 robe of Misfortune {Contam Harm *Corrode Drain
                  | *Slow EV+5}
 33049 | Swamp:2  | Killed Tutankhamun's ghost
 33059 | Swamp:2  | Identified the ring "Zotsun" {rN+ rCorr Str+3}
 33172 | Swamp:2  | Reached XP level 19. HP: 95/114 MP: 23/39
 33607 | Swamp:3  | Found a runed translucent door.
 33613 | Swamp:3  | Noticed Esiutuon's ghost (adept DECj)
 34013 | Swamp:4  | Entered Level 4 of the Swamp
 34091 | Swamp:4  | Acquired the +5 eveningstar of Biagikho {vorpal, +Rage
                  | rElec rCorr Str-2}
 34456 | Swamp:4  | Noticed Aizul
 34465 | Swamp:4  | Killed Aizul
 34650 | Swamp:4  | Reached skill level 15 in Earth Magic
 34746 | Swamp:4  | Noticed the 27-headed Lernaean hydra
 34752 | Swamp:4  | Killed the 27-headed Lernaean hydra
 34857 | Swamp:4  | Got a decaying rune of Zot
 35279 | Vaults:1 | Entered Level 1 of the Vaults
 35538 | Vaults:1 | Reached skill level 10 in Evocations
 35802 | Vaults:1 | Reached XP level 20. HP: 99/121 MP: 37/40
 36579 | Vaults:1 | Found Siobbuus's Distillery.
 36586 | Vaults:1 | Bought a potion of brilliance for 60 gold pieces
 36586 | Vaults:1 | Bought a potion of ambrosia for 120 gold pieces
 36586 | Vaults:1 | Bought a potion of curing for 45 gold pieces
 36586 | Vaults:1 | Bought a potion of curing for 45 gold pieces
 36586 | Vaults:1 | Bought a potion of invisibility for 120 gold pieces
 36586 | Vaults:1 | Bought a potion of heal wounds for 75 gold pieces
 36586 | Vaults:1 | Bought 2 potions of cancellation for 240 gold pieces
 36586 | Vaults:1 | Bought a potion of invisibility for 120 gold pieces
 36586 | Vaults:1 | Bought a potion of heal wounds for 75 gold pieces
 36586 | Vaults:1 | Bought a potion of brilliance for 60 gold pieces
 36586 | Vaults:1 | Bought a potion of heal wounds for 75 gold pieces
 36956 | Vaults:2 | Reached skill level 16 in Earth Magic
 37844 | Vaults:2 | Found a staircase to the Crypt.
 37844 | Vaults:2 | Found a basalt altar of Yredelemnul.
 37845 | Vaults:2 | Found an ancient bone altar of Kikubaaqudgha.
 37951 | Vaults:2 | HP: 3/123 [yaktaur/bolt (16)]
 37965 | Vaults:2 | Reached skill level 10 in Dodging
 38717 | Elf:1    | Entered Level 1 of the Elven Halls
 38719 | Elf:1    | Reached XP level 21. HP: 128/128 MP: 42/42
 38971 | Elf:1    | Reached skill level 17 in Earth Magic
 39256 | Elf:1    | Paralysed by an air elemental for 1 turns
 39426 | Elf:1    | Found Nociel's Antique Weapon Shoppe.
 39686 | Elf:2    | Found a runed translucent gate.
 39686 | Elf:2    | Found a runed translucent gate.
 39686 | Elf:2    | Found a runed translucent gate.
 40122 | Elf:3    | Entered Level 3 of the Elven Halls
 40171 | Elf:3    | Reached XP level 22. HP: 110/135 MP: 39/43
 40226 | Elf:3    | Identified the +6 arbalest of the Sugar Beet {speed, rF-
                  | rN++ rCorr Int+2}
 40236 | Elf:3    | Identified the +3 troll leather armour of Distant Worlds
                  | {Fly Regen+}
 40240 | Elf:3    | Got the Reference Book on Black Secrets and the Rocks
 40246 | Elf:3    | Identified the +9 morningstar of Lyhydyaj {speed, rElec
                  | Int+6 Dex+2 Stlth-}
 40255 | Elf:3    | Identified the +9 great sword of Abomination {drain, rC+
                  | Will+}
 40256 | Elf:3    | Identified the ring "Taca" {Fly rF+}
 40261 | Elf:3    | Identified the +9 mace "Lassil" {holy, rPois}
 40264 | Elf:3    | Identified the ring of Eczegis {EV+4 Str+2}
 40268 | Elf:3    | Identified the +3 morningstar of the Equinox {vorpal, rF+
                  | Will+ Str+2 Dex+2}
 40343 | Elf:3    | Identified the +1 mace "Sojil" {drain, Int+3 Stlth+}
 40708 | Elf:3    | Reached skill level 18 in Earth Magic
 40712 | Elf:3    | Identified the +5 trident of Jaighazeag {flame, Will++
                  | Int+3}
 40715 | Elf:3    | Identified the amulet "Yqegh" {Acrobat *Corrode rPois
                  | Dex+3}
 41500 | Vaults:2 | Learned a level 9 spell: Shatter
 41859 | Vaults:3 | Noticed Xtahua
 41862 | Vaults:3 | Killed Xtahua
 42052 | Vaults:3 | You are sucked into a shaft and drop 1 floor!
 43306 | Vaults:4 | Reached skill level 19 in Earth Magic
 43306 | Vaults:4 | Reached XP level 23. HP: 111/142 MP: 11/45
 44212 | Vaults:5 | Entered Level 5 of the Vaults
 44215 | Vaults:5 | Reached skill level 20 in Earth Magic
 44291 | Vaults:5 | Reached skill level 21 in Earth Magic
 44292 | Vaults:5 | Noticed a golden dragon
 44295 | Vaults:5 | Noticed a golden dragon
 44304 | Vaults:5 | Slain by a storm dragon

Illustrated notes

Levels and vault maps discovered:
D:1:      dpeg_arrival_three_smaller_balls, layout_basic, grunt_decor_arrowhead,
          minmay_pentomino_z2
D:2:      layout_basic, serial_shops, shop_statue,
          shapermc_ecumenical_altar_mp_ritualfount, uniq_terence
D:3:      layout_rooms, mainiacjoe_overflow_24_doors,
          nicolae_hepliaklqana_hippocampus, fedhas_altar_3, serial_shops,
          nicolae_shop_window_shopping, uniq_robin
D:4:      layout_cave_pools, zin_scriptorium, mainiacjoe_overflow_tiny_flanked,
          uniq_pikel
D:5:      layout_rooms, lemuel_coloured_pillars_altar,
          minmay_temple_entry_ruins, serial_shops, shop, serial_glass,
          glass_columns_c, glass_columns_a
D:6:      layout_loops_ring, mainiacjoe_overflow_paths,
          mainiacjoe_overflow_cross_hatched,
          mainiacjoe_overflow_concentric_impassable,
          mainiacjoe_overflow_six_doors_small, uniq_menkaure
D:7:      minmay_bubble_buster, layout_loops_ring, kennysheep_little_box,
          kennysheep_generic_room_8, uniq_prince_ribbit1,
          uniq_crazy_yiuf_cottage
D:8:      layout_loops_ring, nicolae_qazlal_eye_of_the_storm,
          gammafunk_ghost_berserking_beasts, uniq_erica
D:9:      layout_loops_corners, nicolae_kikubaaqudgha_miasma_corner,
          uniq_erolcha
D:10:     minmay_polygon_palace, layout_loops_ring, david_orc_4,
          minmay_shop_grid_forest
D:11:     layout_basic, david_lair_shrubbed, grunt_ministairs_2
D:12:     layout_cave_pools, gauntlet_entry_generic, uniq_rupert, uniq_sonja,
          uniq_josephine
D:13:     layout_loops_cross, lightli_vaults_fourway_checkpoint,
          kennysheep_generic_room_5, uniq_urug
D:14:     layout_loops_cross, special_room [special_room_bee], elyvilon_altar_4,
          nicolae_blasting_shop, uniq_kirke
D:15:     grunt_enter_depths_magical_seal, layout_loops_ring,
          cheibriados_altar_1
Lair:1:   layout_gridlike, st_stairs_5, grunt_megastairs_3
Lair:2:   layout_hall_layers, swamp_mist
Lair:3:   layout_chaotic_city, gammafunk_ghost_icy, minmay_shattered_shrine
Lair:4:   layout_regular_city, nicolae_spider_entry_non_spiders,
          enter_volcano_4, minivault_26, grunt_forest_large_clearing_hut,
          minmay_lair_oklob_chamber
Lair:5:   layout_cave_pods, ebering_ghost_xom, minivault_27,
          grunt_forest_large_clearings, serial_bayou_shore_b
Lair:6:   evil_forest, layout_regular_city, slime_altar_1
Swamp:1:  layout_basic_swamp, evilmike_swamp_ruin_rubble_2, swamp_pool1,
          hangedman_swamp_cone, uniq_frances
Swamp:2:  layout_falls_marsh, gammafunk_ghost_hydra_chop,
          evilmike_swamp_ruin_house_5
Swamp:3:  layout_basic_swamp, ebering_ghost_reflecting_pool,
          evilmike_swamp_ruin_house_3
Swamp:4:  swamp_old_school, layout_basic_swamp, uniq_aizul
Spider:1: layout_spider_delve, portal_ice_cave_entry_pillars_three,
          nicolae_spider_eight_legs
Spider:2: layout_spider_delve, nicolae_spider_claw_tunnel,
          hangedman_spider_tarantella_strand
Spider:3: layout_spider_delve, drop_trap, worms_lemuel
Spider:4: guppyfry_spider_rune, drop_trap
Orc:1:    layout_caves, uniq_maurice
Orc:2:    st_orc_town, layout_caves, serial_shops, shop_fountains,
          nicolae_orc_lava_room
Elf:1:    cheibrodos_salmonella, layout_rooms, serial_shops, shop, minivault_28
Elf:2:    elven_hall_of_blades_hangedman_original [nooodl_blade_entry_preview],
          layout_geoelf_octagon
Elf:3:    elf_hall, layout_loops_ring, due_unseen_surprise
Vaults:1: vaults_dpeg_cross, v_misc_16, ontoclasm_vaults_ligature, v_misc_19,
          vaults_standard_mumra_lines, vaults_dpeg_spiral, v_alt_pattern_5,
          layout_vaults_omnigrid, serial_shops, shop_statue
Vaults:2: hangedman_vaults_river_flow, nicolae_vaults_ring_of_whatevers,
          grunt_vaults_funnel, vaults_mumra_bighexcomb, v_alt_pattern_3,
          nicolae_vaults_circle_grid_b, vaults_mumra_minichess_inversion,
          nicolae_vaults_ninety_degrees, nicolae_vaults_what_the_h,
          vaults_room_ringed_pool, minmay_crypt_entry_necro_gods,
          vaults_room_semicircle, nicolae_vaults_yaktaur_gun_rack,
          vaults_dpeg_ring, layout_vaults_chaotic_city
Vaults:3: hangedman_vaults_slither, nicolae_vaults_circle_grid_b,
          vaults_mumra_minichess, hangedman_vaults_capsules,
          ontoclasm_vaults_loading_screen, v_misc_16, nicolae_vaults_triangles,
          ontoclasm_vaults_chip, vaults_mumra_hexcomb, ontoclasm_vaults_hangar,
          grunt_vaults_bifocal, ontoclasm_vaults_gateway, v_misc_23,
          nicolae_vaults_little_ls, nicolae_vaults_little_squares_3,
          vaults_dpeg_hooks, layout_vaults_big_cross, uniq_xtahua
Vaults:4: v_pattern_3, hangedman_vaults_nails, grunt_vaults_twisty,
          nicolae_vaults_rhombus_5, v_rooms_3, v_misc_29,
          nicolae_vaults_disjoint_gnomons, vaults_room_pools,
          nicolae_vaults_ring_of_whatevers, ontoclasm_vaults_hangar,
          vaults_room_hallway, vaults_room_stairs_pillars,
          nicolae_vaults_display_case, nicolae_vaults_ring_of_whatevers,
          layout_vaults_ring
Vaults:5

Skill      XL: |  1  2  3  4  5  6  7  8  9 10 11 12 13 14 15 16 17 18 19 20 21 22 23 |
---------------+----------------------------------------------------------------------+-----
Earth Magic    | 4 5 6 7 8 9 10 11 12 14 15 16 17 19 21 | 21.5
Conjurations   | 1 2 4 5 6 7 8 9 10 11 12 13 14 | 14.8
Spellcasting   | 3 4 5 6 7 8 9 11 12 13 14 | 14.4
Fighting       | 2 3 5 6 7 9 10 11 12 13 14 | 14.1
Maces & Flails | 2 3 4 5 7 8 9 10 11 12 13 | 13.0
Armour         | 2 3 4 6 |  6.0
Dodging        | 2 3 4 5 6 7 8 9 10 11 | 11.3
Evocations     | 1 3 4 5 6 7 8 9 10 | 10.0
Fire Magic     | 2 7 12 16 17 18 | 18.4
Stealth        | |  2.1
Transmutations | |  0.7

Action                   |  1- 3 |  4- 6 |  7- 9 | 10-12 | 13-15 | 16-18 | 19-21 | 22-24 || total
-------------------------+-------+-------+-------+-------+-------+-------+-------+-------++-------
Melee: Club              |    62 |       |       |       |       |       |       |       ||    62
       Dagger            |     9 |    89 |   119 |   216 |   428 |   351 |    16 |       ||  1228
       Eveningstar       |       |       |       |       |       |       |   332 |       ||   332
       Morningstar       |       |       |       |       |       |       |       |   164 ||   164
 Cast: Sandblast         |    38 |    25 |    12 |    30 |    23 |    15 |       |       ||   143
       Stone Arrow       |       |     5 |    46 |    40 |    71 |    31 |       |     2 ||   195
       Lee's Rapid Decon |       |       |     3 |    47 |    63 |    38 |    11 |    23 ||   185
       Bolt of Magma     |       |       |       |    28 |   124 |   101 |    24 |     8 ||   285
       Fireball          |       |       |       |     3 |    36 |    94 |       |       ||   133
       Irradiate         |       |       |       |       |       |    40 |       |       ||    40
       Iron Shot         |       |       |       |       |       |   114 |   111 |    58 ||   283
       Ignition          |       |       |       |       |       |    21 |    94 |    28 ||   143
       Shatter           |       |       |       |       |       |       |       |    32 ||    32
Evoke: Wand              |       |     3 |     2 |    13 |    15 |     4 |    10 |     5 ||    52
       Condenser vane    |       |       |       |       |     2 |     2 |     1 |     1 ||     6
       Box of beasts     |       |       |       |       |       |       |       |     1 ||     1
  Use: Scroll            |       |     6 |    11 |     9 |     8 |    10 |     5 |     2 ||    51
       Potion            |       |       |       |     2 |       |     4 |     9 |     4 ||    19
 Stab: Distracted        |     1 |     1 |       |       |     1 |       |       |     2 ||     5
       Sleeping          |     1 |     1 |     2 |     1 |     2 |       |     1 |       ||     8
Armor: Robe              |    41 |    27 |    17 |       |   274 |   677 |   364 |   135 ||  1535
       Leather armour    |       |       |    52 |   220 |    99 |    10 |       |       ||   381
Dodge: Dodged            |    69 |    46 |    91 |   190 |   425 |   619 |   351 |   129 ||  1920

Table legend: (Time is in decaauts)
 A = Elapsed time spent in this place.
 B = Non-inter-level travel time spent in this place.
 C = Inter-level travel time spent in this place.
 D = Time resting spent in this place.
 E = Time spent auto-exploring this place.
 F = Levels seen in this place.
 G = Mean time per level.
                   A        B        C        D        E       F      G
               +--------+--------+--------+--------+--------+-----+--------+
         Total |  44274 |  41009 |   3265 |   3058 |  30013 |  42 | 1054.1 |
       Dungeon |  17682 |  15973 |   1709 |   1038 |  12504 |  15 | 1178.8 |
          Lair |   7258 |   6597 |    661 |    348 |   5046 |   6 | 1209.7 |
         Swamp |   3021 |   2855 |    166 |    178 |   2086 |   4 |  755.2 |
   Spider Nest |   4151 |   3995 |    156 |    555 |   2526 |   4 | 1037.8 |
  Orcish Mines |   1823 |   1640 |    183 |    108 |   1060 |   2 |  911.5 |
   Elven Halls |   2351 |   2295 |     56 |     85 |   1553 |   3 |  783.7 |
        Vaults |   6283 |   5952 |    331 |    265 |   4573 |   5 | 1256.6 |
      Ice Cave |    880 |    880 |      0 |    368 |    285 |   1 |  880.0 |
       Volcano |    398 |    398 |      0 |     37 |    172 |   1 |  398.0 |
      Gauntlet |    421 |    421 |      0 |     76 |    208 |   1 |  421.0 |
               +--------+--------+--------+--------+--------+-----+--------+

Top non-repeatable levels by time:
     D:1: 1971 daAuts
Vaults:2: 1833 daAuts
Vaults:1: 1623 daAuts
     D:9: 1614 daAuts
    D:10: 1614 daAuts
    D:11: 1496 daAuts
  Lair:6: 1464 daAuts
Vaults:3: 1444 daAuts
     D:7: 1391 daAuts
Vaults:4: 1350 daAuts
     D:2: 1297 daAuts
  Lair:2: 1284 daAuts
Spider:4: 1272 daAuts
  Lair:5: 1252 daAuts
  Lair:3: 1232 daAuts
